Map: Dusk Towers

Players

lIlIlIlIlIlI - Winner!

  • Race: Protoss Protoss
  • League: Grandmaster

Miszu

  • Race: Terran Terran
  • League: Grandmaster

VOD

Have the link to the VOD?

Description

Time

  • Played on: Feb. 13, 2016, 5:46 p.m.
  • Length: 13:50
Show
View Real Time Build Order
Export as new Build Order

lIlIlIlIlIlI Protoss - Winner!

Build Orders: 1 Gate Expand 

Get SALT Encoding   

  12  0:00  Probe (Chrono Boost)  
  13  0:11  Probe (Chrono Boost)  
  14  0:18  Pylon  
  14  0:22  Probe (Chrono Boost)  
  15  0:36  Gateway, Probe (Chrono Boost)  
  16  0:46  Probe (Chrono Boost)  
  17  0:54  Assimilator  
  17  0:57  Probe (Chrono Boost)  
  18  1:08  Probe (Chrono Boost)  
  19  1:17  Nexus  
  19  1:23  Probe (Chrono Boost)  
  20  1:30  Cybernetics Core  
  20  1:34  Probe (Chrono Boost)  
  21  1:40  Assimilator  
  21  1:45  Probe (Chrono Boost)  
  22  1:50  Pylon  
  22  1:55  Probe (Chrono Boost)  
  23  2:08  Adept (Chrono Boost), Warp Gate, Probe  
  26  2:20  Probe (Chrono Boost)  
  27  2:29  Probe (Chrono Boost)  
  28  2:33  Mothership Core (Chrono Boost)  
  30  2:40  Probe (Chrono Boost)  
  30  2:43  Robotics Facility  
  31  2:46  Adept  
  31  2:51  Probe x2 (Chrono Boost)  
  34  2:52  Pylon  
  35  3:01  Probe (Chrono Boost)  
  35  3:02  Probe (Chrono Boost)  
  37  3:12  Probe x2 (Chrono Boost)  
  39  3:13  Adept  
  41  3:22  Probe (Chrono Boost)  
  41  3:23  Probe (Chrono Boost)  
  43  3:31  Robotics Bay  
  43  3:33  Warp Prism (Chrono Boost), Assimilator  
  45  3:35  Probe x2  
  45  3:38  Assimilator  
  47  3:45  Probe  
  47  3:46  Pylon  
  47  3:47  Probe  
  49  3:56  Probe  
  49  3:59  Probe  
  51  4:06  Observer (Chrono Boost), Pylon, Probe  
  53  4:11  Probe  
  53  4:12  Twilight Council  
  54  4:17  Probe  
  54  4:23  Probe  
  54  4:24  Disruptor (Chrono Boost)  
  59  4:27  Gateway, Probe  
  59  4:28  Gateway  
  59  4:30  Pylon  
  60  4:32  Gravitic Drive  
  60  4:35  Probe  
  61  4:47  Nexus  
  61  4:48  Probe x2  
  63  4:53  Disruptor (Chrono Boost)  
  63  4:59  Blink (Chrono Boost)  
  66  5:03  Sentry, Probe  
  66  5:04  Probe  
  70  5:08  Pylon  
  70  5:15  Pylon  
  70  5:16  Probe x2  
  70  5:17  Pylon  
  72  5:24  Observer  
  73  5:33  Gateway  
  73  5:34  Gateway, Sentry  
  75  5:37  Gateway  
  75  5:39  Stalker x2  
  79  5:44  Observer  
  79  5:46  Pylon  
  80  5:51  Probe x2  
  82  6:04  Immortal  
  82  6:08  Stalker x3  
  82  6:10  Probe  
  82  6:11  Probe x2  
  95  6:20  Probe  
  95  6:21  Pylon  
  95  6:23  Probe x2  
  98  6:35  Probe  
  98  6:37  Probe x2  
  98  6:38  Stalker  
  98  6:39  Stalker x4  
  111  6:40  Stalker  
  111  6:43  Observer  
  111  6:46  Forge  
  114  6:48  Forge  
  114  6:50  Probe  
  114  6:51  Probe  
  114  6:52  Probe  
  117  6:56  Assimilator  
  117  6:57  Assimilator  
  117  7:02  Pylon  
  117  7:05  Observer  
  117  7:06  Stalker x3  
  120  7:24  Protoss Ground Weapons Level 1 (Chrono Boost), Pylon, Protoss Ground Armor Level 1 (Chrono Boost)  
  120  7:26  Probe x2  
  122  7:34  Colossus  
  122  7:39  Charge (Chrono Boost)  
  128  7:49  Gateway  
  128  7:51  Gateway  
  128  7:52  Extended Thermal Lance  
  128  7:53  Pylon  
  128  7:59  Photon Cannon  
  128  8:00  Photon Cannon  
  128  8:01  Pylon  
  128  8:08  Photon Cannon  
  128  8:15  Templar Archives  
  128  8:20  Colossus  
  134  8:45  Stargate  
  134  8:52  Nexus  
  134  8:53  Pylon  
  134  8:55  Probe x3  
  137  8:56  Pylon  
  137  9:02  Psionic Storm  
  137  9:07  Colossus, Assimilator, Protoss Ground Weapons Level 2 (Chrono Boost)  
  137  9:09  Protoss Ground Armor Level 2 (Chrono Boost)  
  137  9:12  Assimilator  
  143  9:25  High Templar  
  143  9:28  High Templar  
  143  9:30  Zealot x5  
  157  9:38  Photon Cannon  
  157  9:40  Photon Cannon  
  157  9:42  Photon Cannon  
  157  9:44  Photon Cannon  
  157  9:45  Fleet Beacon  
  156  9:48  Zealot  
  156  9:51  Zealot x5  
  168  9:53  Fleet Beacon  
  168  9:55  Stargate  
  168  10:06  Oracle (Chrono Boost)  
  171  10:07  Zealot x2  
  175  10:15  High Templar  
  175  10:18  High Templar  
  179  10:32  Stalker  
  173  10:41  Tempest (Chrono Boost)  
  181  10:45  Tempest (Chrono Boost)  
  169  11:22  Tempest (Chrono Boost)  
  173  11:28  Tempest (Chrono Boost)  
  171  11:33  Zealot  
  171  11:37  Zealot x5  
  171  11:38  Zealot x2  
  164  11:59  Tempest (Chrono Boost)  
  165  12:07  Probe x2  
  165  12:10  Probe  
  162  12:19  Probe  
  162  12:20  Nexus  
  165  12:23  Tempest (Chrono Boost)  
  165  12:28  Pylon  
  165  12:29  Pylon  
  165  12:30  Pylon  
  165  12:33  Pylon  
  165  12:34  Pylon x2, Photon Cannon  
  165  12:47  Tempest (Chrono Boost)  
  166  13:04  High Templar x2, Stalker x3  
  166  13:05  Stalker  
  180  13:06  High Templar, Tempest (Chrono Boost)  
  179  13:45  Archon  
Show
View Real Time Build Order
Export as new Build Order

Miszu Terran 

Build Orders: Command Center First (CC), MMM Bio 

Get SALT Encoding   

  12  0:01  SCV  
  13  0:13  SCV  
  14  0:18  Supply Depot  
  14  0:25  SCV  
  15  0:39  SCV  
  16  0:52  SCV  
  17  1:00  Command Center  
  17  1:04  SCV  
  18  1:16  SCV  
  18  1:17  Barracks  
  19  1:28  SCV  
  19  1:30  Barracks  
  20  1:40  SCV  
  20  1:43  Barracks  
  21  1:52  SCV  
  22  2:04  Marine  
  22  2:05  Orbital Command  
  23  2:12  Orbital Command  
  23  2:19  Marine  
  23  2:22  Marine  
  25  2:31  Marine, SCV  
  25  2:33  Refinery  
  25  2:35  Refinery  
  25  2:36  Marine  
  28  2:38  SCV  
  28  2:39  Marine  
  28  2:43  SCV  
  31  2:49  Marine  
  32  2:52  Supply Depot  
  32  2:53  Supply Depot  
  32  2:54  Marine  
  32  2:55  SCV  
  32  2:58  SCV  
  35  3:00  Marine  
  36  3:07  SCV  
  36  3:09  Barracks Tech Lab  
  36  3:10  SCV  
  38  3:13  Marine  
  38  3:18  Marine  
  38  3:19  SCV  
  41  3:22  SCV  
  41  3:23  Supply Depot  
  41  3:27  Marine, Stimpack  
  42  3:31  Supply Depot, Marine  
  42  3:33  SCV  
  45  3:34  SCV  
  45  3:35  Marine  
  47  3:45  SCV  
  47  3:47  SCV  
  49  3:53  Supply Depot  
  49  3:56  Marine  
  49  3:57  SCV  
  49  3:59  Marine x2, SCV  
  54  4:02  Factory  
  54  4:04  Refinery  
  54  4:05  Supply Depot  
  54  4:09  Engineering Bay  
  54  4:11  SCV  
  54  4:12  SCV  
  54  4:17  Marine x2  
  56  4:23  SCV  
  59  4:24  SCV  
  59  4:28  Supply Depot  
  59  4:30  Marauder  
  62  4:34  Terran Infantry Weapons Level 1  
  62  4:36  SCV x2  
  62  4:38  Marine x2  
  66  4:48  SCV x2  
  66  4:52  Starport, Factory Reactor  
  67  4:54  Marauder  
  67  4:56  Supply Depot  
  69  5:00  SCV  
  69  5:04  Marine x2  
  69  5:05  Missile Turret  
  69  5:07  SCV  
  73  5:12  Supply Depot  
  73  5:13  SCV  
  74  5:19  Supply Depot, SCV  
  75  5:26  Liberator x2  
  75  5:27  Marine x2, Marauder  
  75  5:28  SCV  
  80  5:34  Command Center  
  80  5:35  SCV  
  81  5:38  Refinery  
  81  5:46  Combat Shields  
  81  5:47  SCV  
  81  5:49  SCV  
  89  5:51  Barracks Reactor  
  89  5:52  Barracks Tech Lab  
  83  6:11  SCV  
  84  6:22  Concussive Shells  
  84  6:24  Marauder  
  84  6:25  SCV x2  
  87  6:26  Medivac x2  
  87  6:27  Supply Depot x2, Marine, Marauder  
  87  6:28  Barracks  
  87  6:29  Barracks  
  95  6:37  Marine  
  88  6:41  SCV  
  88  6:45  Marine, Marauder  
  92  6:48  SCV, Orbital Command  
  92  6:49  Marauder  
  92  6:50  Terran Infantry Armor Level 1  
  95  6:55  Marine, SCV  
  95  7:01  SCV  
  98  7:07  Marauder, SCV  
  101  7:12  Marine  
  101  7:13  Marauder, SCV  
  102  7:19  SCV  
  102  7:20  Orbital Command  
  102  7:21  Barracks Reactor, Barracks Tech Lab  
  100  7:24  Medivac  
  100  7:25  Medivac, SCV  
  100  7:28  Marine, Marauder  
  100  7:29  Fusion Core  
  108  7:30  Starport, Marine  
  108  7:31  SCV  
  108  7:33  Marine  
  108  7:37  SCV, Liberator  
  108  7:39  Liberator  
  108  7:42  Refinery  
  108  7:43  SCV  
  110  7:46  Refinery  
  110  7:49  SCV  
  111  7:55  Marine, Marauder x2, SCV  
  123  8:01  SCV  
  124  8:07  SCV  
  124  8:12  Marine, Marauder  
  128  8:13  SCV  
  128  8:14  Starport Tech Lab  
  128  8:16  Marauder  
  132  8:20  SCV  
  132  8:25  SCV  
  133  8:30  Liberator x2  
  133  8:32  Marine x3, Marauder  
  133  8:34  Marauder  
  133  8:43  Advanced Ballistics  
  133  8:46  Supply Depot  
  133  8:47  Supply Depot  
  139  8:52  Liberator  
  139  8:53  Supply Depot x2  
  139  8:57  Marauder  
  139  8:59  Command Center  
  141  9:07  Marine x6  
  141  9:09  Supply Depot  
  150  9:10  Supply Depot  
  150  9:13  Liberator x2  
  150  9:19  Marauder  
  145  9:25  Marine x5  
  156  9:34  Liberator  
  156  9:36  Marine  
  157  9:40  Marauder  
  157  9:43  Marine x2, Marauder x2  
  165  9:51  Missile Turret  
  168  9:53  Missile Turret  
  168  9:55  Missile Turret  
  168  9:57  Missile Turret x2  
  168  9:58  Missile Turret  
  168  10:01  Marauder  
  168  10:04  Marauder  
  172  10:10  Supply Depot  
  178  10:21  Engineering Bay, Armory  
  178  10:23  Ghost Academy  
  178  10:40  Medivac x2  
  178  10:41  Medivac  
  172  10:54  Liberator  
  172  10:55  Liberator  
  168  11:12  Marine x2, Marauder  
  168  11:13  Marine x2  
  168  11:14  Liberator  
  141  11:33  Marine  
  141  11:34  Marine x5, Marauder  
  132  11:42  SCV  
  132  11:51  Marine  
  132  11:52  Marine, Marauder x2  
  132  11:53  Marine x2  
  133  11:55  Marauder  
  133  11:57  SCV  
  133  11:58  SCV x2  
  133  12:09  Marine, SCV  
  133  12:10  Marine, SCV x2  
  133  12:11  Marine x2  
  133  12:13  Marauder x2  
  142  12:16  Marine  
  142  12:21  Medivac x2, SCV  
  142  12:22  Viking, SCV x2  
  146  12:32  Barracks  
  146  12:33  Barracks x2  
  146  12:34  SCV x2  
  148  12:39  Ghost x2  
  148  12:40  Marine, Ghost  
  155  12:44  Liberator  
  155  12:46  SCV  
  155  12:50  Refinery  
  156  12:54  Refinery  
  143  13:09  Marine  
  141  13:23  Marine x4  
  142  13:29  Marine  
  142  13:32  Marine  
Tags
 
Add a new tag
Caveats
  • Supply blocks, unpowered buildings, or Contaminate may cause inaccurate times.
  • Supply counts are checked every 10 seconds.